 Dungeon Crawl Stone Soup version 0.17-a0-2093-gc772f4b (webtiles) character file.

16471 idsoft the Cleaver (level 12, 117/117 HPs)
             Began as a Minotaur Berserker on Oct 16, 2015.
             Was a High Priest of Trog.
             Starved to death
             ... in a labyrinth.
             The game lasted 01:41:29 (15366 turns).

idsoft the Cleaver (Minotaur Berserker)            Turns: 15366, Time: 01:41:29

Health: 117/117    AC: 20    Str: 26    XL:     12   Next: 10%
Magic:  3/3        EV: 14    Int:  4    God:    Trog [*****.]
Gold:   657        SH:  0    Dex: 15    Spells: 0 memorised, 11 levels left

rFire  . . .     SeeInvis .     B - +4 battleaxe (antimagic)
rCold  . . .     Clarity  .     e - +6 plate armour
rNeg   . . .     SustAt   .     (no shield)
rPois  .         Gourm    .     (helmet restricted)
rElec  .         Spirit   .     (no cloak)
rCorr  .         Warding  .     J - +0 pair of gloves
rMut   .         Stasis   .     (no boots)
MR     .....                    A - amulet of regeneration
Stlth  ..........               M - +4 ring of evasion
                                p - +4 ring of dexterity

@: fainting, not resistant to hostile enchantments, extremely unstealthy
A: retaliatory headbutt, horns 2
a: Burn Spellbooks, Berserk, Trog's Hand, Brothers in Arms, Renounce Religion


You were in a labyrinth.
You worshipped Trog.
Trog was extremely pleased with you.
You were fainting.

You visited 2 branches of the dungeon, and saw 13 of its levels.
You also visited: Labyrinth.

You collected 657 gold pieces.

Inventory:

Hand Weapons
 s - the +11 hand axe of Vacwae Xywnu {freeze, Str+3}
   (You found it on level 4 of the Dungeon)

   It has been specially enchanted to freeze those struck by it, causing extra
   injury to most foes and up to half again as much damage against particularly
   susceptible opponents.
   It can also slow down cold-blooded creatures.
   It affects your strength (+3).
 B - a +4 antimagic battleaxe (weapon)
 L - a +2 battleaxe of freezing
Armour
 e - a +6 plate armour (worn)
 z - a +2 shield
 I - a troll hide
 J - a +0 pair of gloves (worn)
 N - a +2 large shield of protection
Rods
 b - a +0 rod of ignition (11/11)
   (You found it on level 4 of the Dungeon)
Jewellery
 h - an uncursed ring of protection from magic
 p - a +4 ring of dexterity (left hand)
 q - an uncursed ring of wizardry {unknown}
 v - an uncursed ring of fire
 A - an amulet of regeneration (around neck)
 C - an uncursed ring of poison resistance
 K - an uncursed ring of stealth {unknown}
 M - a +4 ring of evasion (right hand)
 O - a +4 ring of slaying
Wands
 u - a wand of invisibility (5)
 y - a wand of digging (13)
 E - a wand of random effects (13)
Scrolls
 a - a scroll of silence
 f - 7 scrolls of teleportation
 i - 2 scrolls of blinking
 o - 10 scrolls of remove curse
 w - 4 scrolls of magic mapping
 x - a scroll of enchant weapon
 G - a scroll of recharging
 H - a scroll of identify
Potions
 d - 4 potions of flight
 g - a potion of invisibility
 j - a potion of cancellation {unknown}
 k - a potion of agility
 m - 2 potions of heal wounds
 r - 7 potions of curing
 F - a potion of lignification
 P - a potion of brilliance
Comestibles
 c - 5 bread rations
 l - 7 beef jerkies
 n - 11 fruits
 D - 3 meat rations


   Skills:
 * Level 14.1 Fighting
 * Level 14.2 Axes
 - Level 7.4 Armour
 - Level 6.4 Dodging
 + Level 7.8 Shields


You had 11 spell levels left.
You didn't know any spells.

Dungeon Overview and Level Annotations

Branches:
Dungeon (11/15)            Temple (0/1) D:4            Lair (2/8) D:10
    Orc (0/4) D:10

Altars:
Fedhas
Trog
Xom
Yredelemnul
The Shining One

Shops:
D:7 (


Innate Abilities, Weirdness & Mutations

You reflexively headbutt those who attack you in melee.
You have a pair of horns on your head.


Message History

Your plate armour prevents you from hitting the hungry ghost.
The hungry ghost is almost destroyed.
The hungry ghost hits you.
You feel somewhat more hungry.
You cut the hungry ghost into ribbons!!!
You destroy the hungry ghost!
Unknown command.
You are fainting from starvation!
Found a robe.
You lose consciousness!
You can move again.
You lose consciousness!
You can move again.
You lose consciousness!
You can move again.
You lose consciousness!
You can move again.
You lose consciousness!
You can move again.
You have starved to death.
You die...

# # # # .
## #.#####
## #....@#
..
#####.#####
#.....# . #
#
##..#...#.
## #.
....)#...#
..# # #
#.#.#
###..##.#
.#.#.
#[...... #
.#...### #
. .
.....#.. #


There were no monsters in sight!

Vanquished Creatures
  Snorg (D:11)
  2 hydras (D:11)
  2 hill giants
  Pikel (D:5)
  A gargoyle (D:10)
  2 fire drakes
  A spiny frog (Lair:1)
  A kobold demonologist (D:10)
  3 komodo dragons (Lair:1)
  3 trolls
  Prince Ribbit (Lair:1)
  4 blink frogs (Lair:1)
  A spriggan (D:7)
  2 deep elf magi
  Sigmund (D:3)
  2 shadows (Lab)
  A basilisk (Lair:1)
  Eustachio (D:5)
  5 hungry ghosts
  An ice beast (D:5)
  A wyvern (D:9)
  8 yaks (D:11)
  2 wolves (Lair:1)
  Menkaure (D:7)
  A hippogriff (D:7)
  A mottled dragon (D:11)
  A slave (D:5)
  Duvessa (D:7)
  6 water moccasins
  A porcupine (Lair:1)
  An orc warrior (D:9)
  A sky beast (D:9)
  2 phantoms
  8 ogres
  A black bear (D:6)
  2 centaurs
  A crocodile (Lair:2)
  14 giant frogs
  5 big kobolds
  A gnoll sergeant (D:5)
  A wyvern skeleton (D:9)
  Dowan (D:7)
  A scorpion (D:10)
  2 crimson imps
  A quasit (D:8)
  5 hounds
  A centaur zombie (D:10)
  3 giant frog skeletons
  3 orc priests (D:9)
  A centaur skeleton (D:10)
  12 orc wizards
  4 worker ants
  7 iguanas
  2 killer bee zombies
  Robin (D:3)
  18 adders
  4 gnolls
  14 river rats
  An ooze (D:1)
  3 worms
  An adder zombie (D:5)
  10 giant geckos
  33 orcs
  5 ball pythons
  8 bats
  4 giant cockroaches
  19 goblins
  15 hobgoblins
  20 jackals
  19 kobolds
  5 quokkas
  2 giant newts
  9 rats
  3 butterflies (D:4)
  2 fungi
  A plant (Lair:1)
336 creatures vanquished.

Vanquished Creatures (others)
  A slave (D:5)
  A hound skeleton (D:5)
  A giant cockroach (D:5)
3 creatures vanquished.

Grand Total: 339 creatures vanquished

Notes
Turn   | Place    | Note
--------------------------------------------------------------
     0 | D:1      | idsoft the Minotaur Berserker began the quest for the Orb.
     0 | D:1      | Reached XP level 1. HP: 19/19 MP: 0/0
    46 | D:1      | Reached skill level 4 in Axes
    81 | D:1      | Reached XP level 2. HP: 21/27 MP: 1/1
   376 | D:1      | Reached ** piety under Trog
   396 | D:1      | Reached XP level 3. HP: 31/33 MP: 2/2
  1354 | D:2      | Reached XP level 4. HP: 40/40 MP: 3/3
  1499 | D:2      | Reached skill level 5 in Axes
  1998 | D:2      | Reached XP level 5. HP: 46/46 MP: 4/4
  2353 | D:2      | Found a blossoming altar of Fedhas.
  2502 | D:3      | Reached *** piety under Trog
  2671 | D:3      | Noticed Robin
  2671 | D:3      | Reached skill level 6 in Axes
  2684 | D:3      | Killed Robin
  2877 | D:3      | Noticed Sigmund
  2882 | D:3      | Killed Sigmund
  2882 | D:3      | Reached XP level 6. HP: 52/52 MP: 5/5
  3064 | D:3      | Reached **** piety under Trog
  3505 | D:4      | Got a brightly glowing hand axe
  3506 | D:4      | Identified the +11 hand axe of Vacwae Xywnu {freeze, Str+3} (You found it on level 4 of the Dungeon)
  3930 | D:4      | Found a staircase to the Ecumenical Temple.
  4206 | D:4      | You fall through a shaft!
  4206 | D:5      | Entered Level 5 of the Dungeon
  4220 | D:5      | Reached skill level 7 in Axes
  4247 | D:5      | Reached skill level 5 in Armour
  4294 | D:5      | Noticed Pikel
  4304 | D:5      | Killed Pikel
  4304 | D:5      | Reached XP level 7. HP: 63/63 MP: 6/6
  4515 | D:5      | Reached XP level 8. HP: 70/70 MP: 7/7
  4563 | D:5      | Found a bloodstained altar of Trog.
  4621 | D:5      | Reached skill level 5 in Dodging
  4833 | D:5      | Noticed Eustachio
  4838 | D:5      | Killed Eustachio
  5024 | D:5      | Reached skill level 8 in Axes
  5548 | D:6      | You fall through a shaft!
  5606 | D:7      | Noticed Dowan
  5611 | D:7      | Killed Dowan
  5693 | D:7      | Reached XP level 9. HP: 75/81 MP: 8/8
  5697 | D:7      | Found Xiyc Qunn's Antique Weapon Emporium.
  5698 | D:7      | Noticed Duvessa
  5708 | D:7      | Killed Duvessa
  5949 | D:7      | Noticed Menkaure
  5956 | D:7      | Killed Menkaure
  5956 | D:7      | Reached skill level 9 in Axes
  6073 | D:7      | Found a glowing golden altar of the Shining One.
  6143 | D:7      | Reached ***** piety under Trog
  6594 | D:7      | Found a basalt altar of Yredelemnul.
  6594 | D:7      | Found a shimmering altar of Xom.
  6657 | D:6      | Found a shimmering altar of Xom.
  7877 | D:8      | Received a gift from Trog
  7901 | D:8      | Reached skill level 1 in Shields
  8547 | D:9      | Reached skill level 10 in Axes
  8552 | D:9      | Found a flagged portal.
  8678 | D:9      | Reached skill level 10 in Fighting
  8805 | D:9      | Reached XP level 10. HP: 92/94 MP: 9/9
  9301 | D:10     | Entered Level 10 of the Dungeon
  9322 | D:10     | Reached skill level 11 in Axes
  9397 | D:10     | Found a staircase to the Lair.
  9562 | D:10     | Received a gift from Trog
  9845 | D:10     | Found a staircase to the Orcish Mines.
 10351 | D:11     | Reached skill level 12 in Axes
 10351 | D:11     | Reached skill level 5 in Shields
 10439 | D:11     | Noticed a hill giant
 10443 | D:11     | Killed a hill giant
 10542 | D:11     | Reached XP level 11. HP: 85/104 MP: 3/10
 10546 | D:11     | Noticed Snorg
 10779 | D:10     | Noticed a hill giant
 10785 | D:10     | Killed a hill giant
 10896 | D:11     | Killed Snorg
 11377 | D:11     | Noticed a six-headed hydra
 11383 | D:11     | Killed a nine-headed hydra
 11383 | D:11     | Reached skill level 13 in Axes
 11506 | D:11     | Noticed a five-headed hydra
 11514 | D:11     | Killed a ten-headed hydra
 12504 | Lair:1   | Entered Level 1 of the Lair of Beasts
 12612 | Lair:1   | Noticed Prince Ribbit
 12623 | Lair:1   | Killed Prince Ribbit
 12998 | Lair:1   | Reached skill level 14 in Axes
 13280 | Lair:1   | Got a brightly glowing broad axe
 13342 | Lair:1   | Reached XP level 12. HP: 116/116 MP: 3/11
 13592 | Lair:2   | Found a labyrinth entrance.
 13601 | Lab      | Entered a labyrinth
 15366 | Lab      | Starved to death

Vault maps used:
D:1:      lightli_arrival_lavapool
D:2:      fedhas_altar_fruit_tree, minmay_snake_closets
D:3:      first_bread, uniq_robin, uniq_sigmund
D:4:      minmay_temple_entry_butterflies
D:5:      grunt_decor_one_mirror, minmay_misc_feat_rows, trog_hazing_becter,
          uniq_pikel, uniq_eustachio
D:6:      basic_altar
D:7:      gammafunk_temple_overflow_elements, serial_shops, nicolae_shop_stone,
          basic_altar, the_bakery, uniq_duvessa, uniq_menkaure
D:9:      enter_bailey_2
D:10:     minmay_lair_entry_lava
D:11:     nicolae_trove_entry_crystal, uniq_snorg
Lair:1:   lemuel_fruit_tree, uniq_prince_ribbit2
Lair:2:   lab_entry_generic, serial_bayou_lagoon_b
Lab:      labyrinth_hidden_loot, nicolae_lab_plus, nicolae_lab_arrow

Action                   |  1- 3 |  4- 6 |  7- 9 | 10-12 || total
-------------------------+-------+-------+-------+-------++-------
Melee: Hand axe          |    67 |   163 |   178 |    72 ||   480
       Battleaxe         |       |       |       |   269 ||   269
Throw: Stone             |       |       |     5 |       ||     5
Invok: Berserk           |       |     3 |     4 |     4 ||    11
       Burn Spellbooks   |       |       |     1 |     1 ||     2
  Use: Scroll            |       |     7 |    12 |     7 ||    26
       Potion            |       |     1 |     2 |     8 ||    11
  Eat: Meat ration       |     1 |     1 |       |       ||     2
       Fruit             |       |     1 |     3 |     4 ||     8
       Chunk             |       |     2 |    10 |     6 ||    18
       Bread ration      |       |       |     2 |     4 ||     6
